 Dungeon Crawl Stone Soup version 0.29.0-15-g675c0067aa (webtiles) character file.

Game seed: 10978541134082499766

65 qw the Sneak (level 4, -1/28 HPs)
             Began as a Gargoyle Delver on Sept 11, 2022.
             Slain by a necrophage (4 damage)
             ... on level 4 of the Dungeon.
             The game lasted 00:00:09 (461 turns).

qw the Sneak (Gargoyle Delver)                       Turns: 461, Time: 00:00:09

Health: -1/28      AC:  9    Str: 17    XL:     4   Next: 14%
Magic:  4/4        EV:  9    Int: 11    God:
Gold:   0          SH:  0    Dex: 11    Spells: 3/3 levels left

rFire   . . .      SeeInvis .   a - +0 hand axe
rCold   . . .      Faith    .   (no shield)
rNeg    + . .      Spirit   .   c - +0 scale mail
rPois   inf        Reflect  .   (no helmet)
rElec   +          Harm     .   (no cloak)
rCorr   .          Rampage  .   (no gloves)
Will    .....                   (no boots)
Stlth   +.........              (no amulet)
HPRegen 0.09/turn               (no ring)
MPRegen 0.09/turn               (no ring)

@: no status effects
A: sickness immunity, AC +3, negative energy resistance 1, electricity
resistance, torment resistance 1, petrification resistance
a: no special abilities


You were on level 4 of the Dungeon.
You visited 1 branch of the dungeon, and saw 2 of its levels.


Innate Abilities, Weirdness & Mutations

You are immune to sickness and miasma.
Your stone body is resilient. (AC +3)
You are immune to poison.
You resist negative energy. (rN+)
You are resistant to electric shocks. (rElec)
You are resistant to unholy torment.
You are immune to petrification.


   Skills:
 - Level 3.2 Fighting
 + Level 3.6 Axes
 - Level 1.2 Armour
 - Level 1.5 Dodging
 - Level 5.4 Stealth


You had 3 spell levels left.
You didn't know any spells.
Your spell library was empty.

Inventory:

Hand Weapons
 a - a +0 hand axe (weapon)
Armour
 c - a +0 scale mail (worn)
Wands
 g - a wand of digging (3)
Potions
 f - a potion of haste

Dungeon Overview and Level Annotations

Branches:
Dungeon (5/15)
 Temple: D:4-7

Altars:
Ru


Message History

The gnoll is heavily wounded.
You closely miss the necrophage.
An adder comes into view.
The gnoll closely misses you. The gnoll hits you but does no damage.
The necrophage closely misses you.
You closely miss the gnoll.
The gnoll is heavily wounded.
You closely miss the necrophage. The gnoll misses you.
The gnoll hits you from afar with a +0 spear.
The necrophage hits you.
The adder hisses angrily.
You hit the gnoll but do no damage.
The gnoll is heavily wounded.
You barely miss the necrophage.
The necrophage hits you but does no damage.
A hobgoblin comes into view.
The gnoll closely misses you. The gnoll hits you with a +0 whip.
The gnoll closely misses you.
The necrophage hits you but does no damage.
The gnoll barely misses you.
The hobgoblin moves out of view.
You slash the gnoll!
You kill the gnoll!
You hit the necrophage. The gnoll hits you but does no damage.
The necrophage hits you.
You have reached level 4!
You feel clever.
You barely miss the necrophage.
The necrophage is lightly damaged.
The necrophage completely misses you.
The gnoll hits you from afar with a +0 spear.
You barely miss the necrophage.
The necrophage is lightly damaged.
The gnoll barely misses you.
The necrophage hits you but does no damage.
You closely miss the necrophage.
The necrophage is lightly damaged.
You hit the adder. The adder barely misses you.
The gnoll hits you but does no damage. The necrophage hits you.
You die...

#.....#..#..# ....#.
#.###.#..#..# #.....
+ #..'.....#
......#########....#
#.....+._#..[.....#
##.!#..#.###%#..#..#
...B#..#.....#..#..#
########.....#######
....#gn@........#
..$...S)#####.....
.##...<## ..###
##+## .## ##


You could see a necrophage, a gnoll, an adder and a giant cockroach.

Vanquished Creatures
  A hound (D:4)
  3 gnolls (D:4)
  2 endoplasms (D:4)
  A hobgoblin (D:4)
  2 ball pythons (D:4)
9 creatures vanquished.

Notes
Turn   | Place    | Note
-------+----------+-------------------------------------------
     0 | D:5      | qw the Gargoyle Delver began the quest for the Orb.
     0 | D:5      | Reached XP level 1. HP: 14/14 MP: 1/1
     0 | D:5      | 0 ||| qw: Version: 0.1-a-117-gfe26ee0
     0 | D:5      | 0 ||| qw: Game counter: 9962
     0 | D:5      | 0 ||| qw: Always use a shield: true
     0 | D:5      | 0 ||| qw: God list: Okawaru
     0 | D:5      | 0 ||| qw: Allow faded altars: false
     0 | D:5      | 0 ||| qw: Do Orc after D:15 true
     0 | D:5      | 0 ||| qw: Do second Lair branch before Depths: true
     0 | D:5      | 0 ||| qw: Lair rune preference: random
     0 | D:5      | 0 ||| qw: Plans: Normal
     0 | D:5      | 0 ||| PLANNING D:1-11
     3 | D:5      | 3 ||| DROPPING scroll of fog.
     4 | D:5      | 4 ||| DROPPING scroll of magic mapping.
     5 | D:5      | 5 ||| DROPPING scroll of fear.
    40 | D:4      | 40 ||| Stepping ~*~*~tactically~*~*~ (stealth).
   359 | D:4      | Noticed a hound
   365 | D:4      | Killed a hound
   366 | D:4      | Reached skill level 3 in Axes
   366 | D:4      | Reached XP level 2. HP: 15/19 MP: 2/2
   366 | D:4      | Reached XP level 3. HP: 19/23 MP: 3/3
   419 | D:4      | 419 ||| UPGRADING to +0 scale mail.
   429 | D:4      | 429 ||| DROPPING +0 leather armour.
   442 | D:4      | Found a sacrificial altar of Ru.
   446 | D:4      | Noticed a necrophage
   454 | D:4      | Reached skill level 1 in Armour
   457 | D:4      | HP: 5/23 [gnoll/+0 whip[a gnoll bouda] (4)]
   459 | D:4      | Reached XP level 4. HP: 4/28 MP: 4/4
   459 | D:4      | HP: 2/28 [gnoll/+0 spear[a gnoll bouda] (2)]
   461 | D:4      | Slain by a necrophage

Levels and vault maps discovered:
D:4:      layout_basic, hangedman_ru_absence, lemuel_zombie_altar_kikubaaqudgha
D:5:      layout_rooms, okawaru_ov_weapons_minmay, minmay_checkerbox,
          uniq_eustachio

Skill      XL: |  1  2  3 |
---------------+----------+-----
Axes           | 3 |  3.6
Armour         | 1 |  1.2
Fighting       | |  3.2
Dodging        | |  1.5
Stealth        | |  5.4

Action                   |  1- 3 |  4- 6 || total
-------------------------+-------+-------++-------
Melee: Hand axe          |    32 |     3 ||    35
Armor: Leather armour    |     9 |       ||     9
       Scale mail        |    13 |     2 ||    15
Dodge: Dodged            |    26 |     3 ||    29

Table legend:
 A = Non-vault XP
 B = Vault XP
 C = Vault XP percentage of total XP
 D = Non-vault monster count
 E = Vault monster count
 F = Vault count percentage of total count
                 A         B        C        D         E       F
            +---------+---------+-------+---------+---------+-------
      Total |      94 |       0 |   0.0 |       9 |       0 |   0.0
            +---------+---------+-------+---------+---------+-------
        D:4 |      94 |       0 |   0.0 |       9 |       0 |   0.0
            +---------+---------+-------+---------+---------+-------
